Map: Incorporeal LE

Players

Karnaf

  • Race: Protoss Protoss
  • League: Platinum
  • Spawn Location: 5:00

ManlyManMeat - Winner!

  • Race: Zerg Zerg
  • League: Master
  • Spawn Location: 11:00

VOD

Have the link to the VOD?

Description

Time

  • Played on: June 17, 2025, 11:47 a.m.
  • Length: 11:20
Show
View Real Time Build Order
Export as new Build Order

Karnaf Protoss 

Build Orders:  

Get SALT Encoding   

  12  0:03  Probe  
  13  0:15  Probe  
  14  0:24  Pylon  
  14  0:27  Probe  
  15  0:42  Probe  
  16  0:47  Gateway  
  16  0:54  Probe  
  17  1:06  Probe  
  18  1:11  Assimilator  
  18  1:16  Assimilator  
  18  1:18  Probe  
  19  1:30  Probe  
  20  1:38  Cybernetics Core  
  20  1:42  Probe  
  20  1:43  Forge  
  21  2:00  Pylon  
  21  2:03  Pylon  
  21  2:18  Photon Cannon  
  21  2:23  Zealot  
  21  2:27  Nexus  
  23  2:36  Probe  
  23  3:02  Pylon  
  23  3:03  Warp Gate  
  23  3:18  Gateway, Shield Battery, Zealot  
  26  3:20  Probe  
  26  3:21  Pylon  
  26  3:37  Zealot  
  26  3:40  Probe  
  24  3:48  Probe  
  27  3:57  Probe  
  27  3:58  Probe  
  29  4:07  Stalker  
  32  4:10  Probe x2  
  33  4:22  Probe x2  
  35  4:24  Twilight Council  
  35  4:26  Stalker  
  35  4:31  Probe  
  37  4:34  Probe  
  39  4:39  Probe  
  40  4:48  Probe  
  41  4:52  Stalker  
  43  5:00  Probe  
  44  5:16  Stalker x2  
  44  5:19  Assimilator  
  44  5:21  Assimilator  
  48  5:43  Protoss Ground Weapons Level 1  
  48  5:46  Charge  
  48  5:49  Dark Shrine  
  48  5:51  Probe x2  
  50  6:00  Zealot x2  
  54  6:13  Pylon  
  54  6:14  Pylon  
  54  6:15  Pylon  
  54  6:16  Pylon  
  54  6:20  Gateway  
  54  6:31  Probe x2  
  56  6:33  Nexus  
  56  6:36  Sentry x2  
  60  6:45  Pylon  
  60  6:48  Pylon  
  60  6:51  Assimilator  
  60  6:56  Assimilator  
  60  7:00  Gateway  
  60  7:01  Gateway  
  60  7:03  Gateway  
  60  7:11  Shadow Stride  
  59  7:16  Dark Templar x3  
  65  7:57  Dark Templar x3  
  65  7:58  Dark Templar x3  
  77  8:03  Nexus  
  77  8:05  Pylon  
  77  8:07  Pylon  
  66  8:34  Zealot x2  
  66  8:35  Zealot x4  
  56  9:04  Dark Templar x2  
  56  9:05  Dark Templar x4  
  15  9:56  Gateway  
  15  9:58  Gateway  
  15  10:06  Probe x2  
  17  10:18  Probe x2  
  19  10:30  Probe  
  19  10:31  Probe  
  21  10:42  Probe  
  22  10:43  Probe  
  21  10:54  Probe, Photon Cannon  
  21  10:55  Probe  
Show
View Real Time Build Order
Export as new Build Order

ManlyManMeat Zerg - Winner!

Build Orders: Hatch First 

Get SALT Encoding   

  12  0:00  Drone  
  13  0:12  Overlord  
  13  0:17  Drone  
  14  0:30  Drone x2  
  16  0:51  Drone, Hatchery  
  16  0:55  Drone  
  17  0:59  Drone  
  18  1:07  Drone  
  19  1:18  Spawning Pool  
  19  1:19  Extractor  
  17  1:27  Drone  
  18  1:38  Drone  
  19  1:48  Drone  
  19  1:53  Drone  
  21  2:01  Overlord  
  21  2:07  Queen  
  21  2:08  Queen  
  25  2:33  Zergling x2  
  25  2:34  Zergling x2  
  27  2:51  Overlord  
  27  2:58  Drone x2  
  27  2:59  Drone  
  30  3:05  Drone x2  
  30  3:12  Drone  
  33  3:23  Drone  
  33  3:24  Drone x2  
  34  3:51  Drone x7  
  41  4:03  Metabolic Boost  
  41  4:07  Baneling Nest  
  41  4:08  Drone x4  
  41  4:09  Hatchery, Overlord  
  43  4:17  Overlord  
  43  4:18  Overlord  
  43  4:23  Drone  
  44  4:25  Lair  
  44  4:27  Evolution Chamber  
  44  4:30  Evolution Chamber, Extractor  
  41  4:32  Drone x3  
  41  4:34  Drone  
  41  4:35  Drone  
  46  4:44  Zergling x8  
  50  4:52  Extractor  
  49  4:53  Extractor  
  49  4:54  Zerg Melee Weapons Level 1  
  49  4:55  Zerg Ground Armor Level 1  
  49  4:59  Queen  
  50  5:22  Drone x10  
  50  5:23  Drone x2  
  50  5:28  Centrifugal Hooks  
  61  5:48  Baneling x5  
  61  5:49  Baneling  
  61  5:56  Overlord x2  
  61  6:08  Overlord x2  
  61  6:09  Hatchery  
  60  6:13  Hatchery  
  60  6:14  Queen  
  60  6:15  Zergling x20  
  60  6:16  Zergling x2  
  72  6:19  Drone x2  
  74  6:28  Drone  
  74  6:29  Drone x5  
  80  6:40  Spore Crawler  
  80  6:41  Spore Crawler  
  80  6:42  Spore Crawler  
  80  6:43  Zergling x12  
  80  6:44  Zergling x4  
  85  6:53  Zergling x8  
  89  7:03  Overlord x3  
  89  7:04  Overlord  
  89  7:10  Zergling x2  
  90  7:18  Overlord x4  
  90  7:20  Zerg Melee Weapons Level 2, Zerg Ground Armor Level 2  
  90  7:38  Zergling x18  
  98  7:47  Zergling x18  
  98  7:50  Drone x3  
  110  7:51  Queen  
  112  7:59  Zergling x12  
  118  8:12  Zergling x28  
  131  8:22  Zergling x10  
  132  8:39  Zergling x10  
  132  8:40  Zergling x2  
  120  8:50  Zergling x10  
  120  8:54  Zergling x8  
  112  8:56  Queen  
  112  8:57  Queen  
  112  8:58  Spore Crawler  
  112  8:59  Spore Crawler  
  112  9:02  Overseer  
  107  9:03  Overseer x2  
  93  9:11  Zergling x18  
  77  9:28  Zergling x12  
  57  9:39  Zergling x8  
  56  9:47  Zergling x4  
  58  9:59  Zergling x10  
  61  10:25  Pneumatized Carapace  
  60  10:31  Zergling x2  
  60  10:32  Zergling x26  
  63  10:54  Zergling x22  
Tags
 
Add a new tag
Caveats
  • Supply blocks, unpowered buildings, or Contaminate may cause inaccurate times.
  • Supply counts are checked every 10 seconds.